 Dungeon Crawl Stone Soup version 0.28-a0-723-g095bd1b44f (webtiles) character file.

Game seed: 16065179359131154407

51 flyleaff the Shield-Bearer (level 4, -2/37 HPs)
             Began as a Formicid Fighter on Oct 26, 2021.
             Was a Believer of Makhleb.
             Slain by an ogre (10 damage)
             ... on level 2 of the Dungeon.
             The game lasted 00:03:21 (1794 turns).

flyleaff the Shield-Bearer (Formicid Fighter)       Turns: 1794, Time: 00:03:21

Health: -2/37      AC:  7    Str: 22    XL:     4   Next: 7%
Magic:  4/4        EV:  9    Int:  7    God:    Makhleb [**....]
Gold:   63         SH:  4    Dex: 10    Spells: 3/3 levels left

rFire   . . .      SeeInvis +   a - +0 trident
rCold   . . .      Faith    .   c - +0 buckler
rNeg    . . .      Spirit   .   b - +0 scale mail
rPois   .          Reflect  .   (helmet unavailable)
rElec   .          Harm     .   (no cloak)
rCorr   .          Rampage  .   (no gloves)
Will    .....                   (no boots)
Stlth   ..........              (no amulet)
HPRegen 0.12/turn               (no ring)
MPRegen 0.09/turn               (no ring)

@: mighty
A: permanent stasis, dig shafts and tunnels, antennae 3, four strong arms
a: Dig, Shaft Self, Renounce Religion, Minor Destruction


You were on level 2 of the Dungeon.
You worshipped Makhleb.
Makhleb was pleased with you.
You visited 1 branch of the dungeon, and saw 2 of its levels.

You collected 63 gold pieces.

Inventory:

Hand Weapons
 a - a +0 trident (weapon)
Missiles
 i - 16 poisoned darts
Armour
 b - a +0 scale mail (worn)
 c - a +0 buckler (worn)
 e - a +0 helmet
 m - a +0 chain mail
Scrolls
 f - a scroll of vulnerability {unknown}
 h - 2 scrolls of identify {unknown}
 j - a scroll of immolation {unknown}
 k - a scroll of magic mapping {unknown}
 l - a scroll of acquirement {unknown}
Potions
 g - a potion of cancellation {unknown}


   Skills:
 + Level 3.7 Fighting
 * Level 2.9 Polearms
 + Level 3.7 Armour
 + Level 4.0 Shields


You had 3 spell levels left.
You didn't know any spells.
Your spell library was empty.

Dungeon Overview and Level Annotations

Branches:
Dungeon (2/15)

Altars:
Makhleb


Innate Abilities, Weirdness & Mutations

You cannot be hasted, slowed, berserked, paralysed or teleported.
You can dig through walls and to a lower floor.
You have a pair of large antennae on your head. (SInv)
Your four strong arms can wield two-handed weapons with a shield.


Message History

A bat is nearby!
A bat is nearby!
A bat is nearby!
You block the bat's attack.
You barely miss the bat. The bat barely misses you. You block the bat's attack.
The bat hits you but does no damage.
You hit the bat but do no damage. The bat barely misses you.
The bat hits you but does no damage.
You barely miss the bat. The bat hits you but does no damage. x3
You barely miss the bat. The bat hits you but does no damage. x2
You closely miss the bat. The bat closely misses you.
The bat hits you but does no damage.
You reach to attack!
You puncture the bat!
You kill the bat!
Makhleb accepts your kill.
No target in view!
No target in view!
You see here a bat corpse.
Found a chain mail.
An ogre comes into view. It is wielding a +0 giant club.
The ogre shouts!
You see here a +0 chain mail.
An ogre is nearby!
An ogre is nearby!
An ogre is nearby!
You see here a +0 chain mail.
m - a +0 chain mail You hit the ogre.
The ogre is lightly wounded.
The ogre hits you with a +0 giant club!!
Ouch! That really hurt!
You are too injured to fight recklessly!
You are too injured to fight recklessly!
The ogre hits you with a +0 giant club!
* * * LOW HITPOINT WARNING * * *
You feel very mighty all of a sudden.
You hit the ogre.
The ogre is moderately wounded.
The ogre hits you with a +0 giant club!
You die...

# # ##### # #...#
# #.#.# #
############.#.###
#...†........#....
#.#######.#######.
#@# #.......#....
#O# #.#####.#.###
#.## #.# #.#.#
#..# #.# #...#
##.# #.# ##### #.#
#.########### #.#
#............ #.#
#############
#......# #


You could see an ogre.

Vanquished Creatures
  4 dart slugs
  5 ball pythons
  5 bats (D:2)
  5 endoplasms
  A giant cockroach (D:1)
  3 goblins (D:1)
  3 hobgoblins
  A kobold (D:1)
  3 quokkas
  3 frilled lizards (D:1)
  8 rats
41 creatures vanquished.

Notes
Turn   | Place    | Note
-------+----------+-------------------------------------------
     0 | D:1      | flyleaff the Formicid Fighter began the quest for the Orb.
     0 | D:1      | Reached XP level 1. HP: 18/18 MP: 1/1
   130 | D:1      | Reached XP level 2. HP: 24/24 MP: 2/2
   151 | D:1      | Found a faded altar of an unknown god.
   166 | D:1      | Prayed at the altar of an unknown god.
   166 | D:1      | Became a worshipper of Makhleb the Destroyer
   166 | D:1      | Reached * piety under Makhleb
   546 | D:1      | Reached XP level 3. HP: 29/29 MP: 3/3
   919 | D:1      | Reached skill level 4 in Shields
  1178 | D:2      | Reached ** piety under Makhleb
  1343 | D:2      | Reached XP level 4. HP: 37/37 MP: 4/4
  1781 | D:2      | Noticed an ogre
  1794 | D:2      | Slain by an ogre

Illustrated notes

Levels and vault maps discovered:
D:1:      onia_arrival_handbag, layout_loops_ring, ebering_ecumenical_altar_box
D:2:      layout_loops_ring

Skill      XL: |  1  2  3 |
---------------+----------+-----
Shields        | 4 |  4.0
Fighting       | |  3.7
Polearms       | |  2.9
Armour         | |  3.7

Action                   |  1- 3 |  4- 6 || total
-------------------------+-------+-------++-------
Melee: Trident           |   109 |    14 ||   123
  Use: Potion            |       |     1 ||     1
Armor: Scale mail        |    31 |    11 ||    42
Dodge: Dodged            |    25 |     4 ||    29
Block: Buckler           |    26 |     2 ||    28

Table legend: (Time is in decaauts)
 A = Elapsed time spent in this place.
 B = Non-inter-level travel time spent in this place.
 C = Inter-level travel time spent in this place.
 D = Time resting spent in this place.
 E = Time spent auto-exploring this place.
 F = Levels seen in this place.
 G = Mean time per level.
                   A        B        C        D        E       F      G
               +--------+--------+--------+--------+--------+-----+--------+
         Total |   1815 |   1784 |     31 |      0 |   1451 |   2 |  907.5 |
       Dungeon |   1815 |   1784 |     31 |      0 |   1451 |   2 |  907.5 |
               +--------+--------+--------+--------+--------+-----+--------+

Top non-repeatable levels by time:
     D:1: 1055 daAuts
     D:2: 759 daAuts
